 Dungeon Crawl Stone Soup version 0.28-a0-804-g60983d4ba9 (webtiles) character file.

Game seed: 132336500710108571

143 vurker the Gusty (level 5, 23/23 HPs)
             Began as a Felid Air Elementalist on Nov 7, 2021.
             Quit the game on level 4 of the Dungeon.
             The game lasted 00:09:40 (6701 turns).

vurker the Gusty (Felid Air Elementalist)           Turns: 6701, Time: 00:09:41

Health: 23/23      AC:  2    Str:  4    XL:     5   Next: 4%
Magic:  12/12      EV: 17    Int: 18    God:
Gold:   187        SH:  0    Dex: 17    Spells: 7/12 levels left
                                        Lives:  0   Deaths: 2

rFire   . . .      SeeInvis +   (weapon unavailable)
rCold   . . .      Faith    .   (shield unavailable)
rNeg    . . .      Spirit   .   (armour unavailable)
rPois   .          Reflect  .   (helmet unavailable)
rElec   .          Harm     .   (cloak unavailable)
rCorr   .          Rampage  .   (gloves unavailable)
Will    .....                   (boots unavailable)
Stlth   ++........              a - amulet of regeneration
HPRegen 1.07/turn               (no ring)
MPRegen 0.13/turn               (no ring)

@: quick
A: very small, claws 1, fangs 3, see invisible, speed 1, shaggy fur 2, stealthy
paws, no weapons or thrown items, no armour, multi-lived
a: no special abilities


You were on level 4 of the Dungeon.
You visited 1 branch of the dungeon, and saw 4 of its levels.

You collected 187 gold pieces.

Inventory:

Jewellery
 a - an amulet of regeneration (around neck)
   (You acquired it on level 4 of the Dungeon)
Scrolls
 c - 2 scrolls of teleportation
 f - a scroll of amnesia
Potions
 b - 3 potions of lignification {unknown}
 d - a potion of mutation {unknown}
 e - a potion of degeneration {unknown}


   Skills:
 + Level 2.5 Fighting
 - Level 2.6 Dodging
 - Level 2.6 Stealth
 * Level 4.3 Spellcasting
 + Level 2.8 Conjurations
 * Level 4.7 Air Magic


You had 7 spell levels left.
You knew the following spells:

 Your Spells              Type           Power      Damage    Failure   Level
a - Shock                 Conj/Air       68%        1d7       3%          1
c - Airstrike             Air            10%        N/A       21%         4

Your spell library contained the following spells:

 Spells                   Type           Power      Damage    Failure   Level
 Static Discharge         Conj/Air       17%        N/A       4%          2
 Swiftness                Air            21%        N/A       6%          3
 Ozocubu's Armour         Ice            3%         N/A       38%         3
 Metabolic Englaciation   Hex/Ice        1%         N/A       98%         5
 Simulacrum               Ice/Necr       1%         N/A       100%        6


Dungeon Overview and Level Annotations

Branches:
Dungeon (4/15)
 Temple: D:4-7

Altars:
Dithmenos

Shops:
D:1 :

Annotations:
D:3 3 runed translucent doors, askman's ghost, amateur DsFi
D:4 Duvessa


Innate Abilities, Weirdness & Mutations

You have sharp claws.
You have razor-sharp teeth.
You have supernaturally acute eyesight. (SInv)
You cover ground quickly. (Speed+)
You are covered in thick fur. (AC +2)
Your paws help you pounce on unaware monsters.
You are incapable of wielding weapons or throwing items.
You cannot wear armour.
You gain extra lives every three experience levels.


Message History

You hear a shout!
You hear a shout!
There is an open door here.
You hear a shout!
You hear a shout!
You hear a shout!
You see here a +0 club.
You hear a shout!
You hear a shout!
You hear a shout!
You hear a shout!
You hear a shout! x2
You hear a shout!
You hear a shout!
You hear a shout!
Done exploring.
You can't see any susceptible monsters within range! (Use Z to cast anyway.)
You can't see any susceptible monsters within range! (Use Z to cast anyway.) Done exploring.
Done exploring.
Done exploring.
You can't see any susceptible monsters within range! (Use Z to cast anyway.) Done exploring.
You hear a shout!
You hear a shout!
You hear a shout!
You hear a shout!
You hear a shout!
You hear a shout!
There is a stone staircase leading down here.
You hear a shout!
You hear a shout!
You hear a shout!
You hear a shout!
Aim: Duvessa, wielding a +4 short sword of holy wrath, wearing a +0 chain mail and quivering stones (berserk, 83% to hit)
The zap hits Duvessa.
Aim: Duvessa, wielding a +4 short sword of holy wrath, wearing a +0 chain mail and quivering stones (berserk, 83% to hit)
The zap hits Duvessa but does no damage.
Duvessa hits you with a +4 short sword of holy wrath!
Ouch! That really hurt!
* * * LOW HITPOINT WARNING * * *
Duvessa hits you with a +4 short sword of holy wrath!
* * * LOW HITPOINT WARNING * * *
Aim: Duvessa, wielding a +4 short sword of holy wrath, wearing a +0 chain mail and quivering stones (berserk, 83% to hit)
The zap hits Duvessa but does no damage.
Duvessa hits you with a +4 short sword of holy wrath!
Ouch! That really hurt!
You die...
You are now level 5!
You rejoin the land of the living...

.............)....#...........#..
##................#...........#..
#................#...........#.<
#.....##.........#...##......##[
##.....##...##....#...##......##.
.#.....##...##....#.....>........
.#..........[.....#..............
.#....##......##.##..............
.#....###....###@##...##......##.
.......###..###.......##.†e...###
..#...†.######....#####....)).##.
..###....# #.....#...#........#.
#........# #.....'((.##.......#.
####....######÷..##...##.......#.
#...###..###..#######......##.
#).###....###.# ##......##.
#..##......##.# #..........


There were no monsters in sight!

Vanquished Creatures
  An ice beast (D:3)
  An ogre (D:4)
  Dowan (D:4)
  A water moccasin skeleton (D:4)
  A hound (D:4)
  A scorpion zombie (D:4)
  A hound zombie (D:4)
  Robin (D:2)
  3 gnolls (D:2)
  2 adders (D:2)
  2 adder zombies (D:4)
  An adder skeleton (D:4)
  A worm (D:2)
  4 dart slugs
  4 orcs
  9 endoplasms
  A giant cockroach (D:3)
  24 goblins
  13 hobgoblins
  3 jackals (D:2)
  3 quokkas
  9 ball pythons
  6 bats
  6 frilled lizards
  10 kobolds
  6 rats
115 creatures vanquished.

Vanquished Creatures (others)
  A withered plant (D:4)
1 creature vanquished.

Grand Total: 116 creatures vanquished

Notes
Turn   | Place    | Note
-------+----------+-------------------------------------------
     0 | D:1      | vurker the Felid Air Elementalist began the quest for the
                  | Orb.
     0 | D:1      | Reached XP level 1. HP: 7/7 MP: 4/4
   271 | D:1      | Reached skill level 1 in Conjurations
   531 | D:1      | Reached XP level 2. HP: 12/12 MP: 3/6
   642 | D:1      | Found Wytyar's Book Shop.
  1193 | D:1      | Reached XP level 3. HP: 15/15 MP: 4/7
  2200 | D:2      | Reached skill level 1 in Fighting
  2536 | D:2      | Reached XP level 4. HP: 19/19 MP: 1/9
  4047 | D:3      | Noticed Robin
  4118 | D:2      | Killed Robin
  4119 | D:2      | Reached XP level 5. HP: 21/22 MP: 0/10
  4385 | D:3      | Learned a level 4 spell: Airstrike
  4803 | D:3      | Found a runed translucent gate.
  4803 | D:3      | Found a runed translucent gate.
  4803 | D:3      | Found a runed translucent gate.
  4804 | D:3      | Noticed askman's ghost (amateur DsFi)
  4912 | D:4      | Identified a scroll of acquirement
  4912 | D:4      | Acquired an amulet of regeneration
  4928 | D:4      | Noticed Dowan
  4929 | D:4      | Noticed Natasha
  5223 | D:4      | Noticed Duvessa
  5304 | D:4      | Noticed an ice beast
  5412 | D:4      | Gained mutation: You are covered in thick fur. (AC +2)
                  | [Felid growth]
  5412 | D:4      | Reached XP level 6. HP: 26/26 MP: 2/12
  5574 | D:3      | HP: 1/26 [ice beast (8)]
  5590 | D:3      | Killed an ice beast
  5980 | D:4      | Killed Dowan
  5981 | D:4      | Reached XP level 7. HP: 25/30 MP: 3/14
  6238 | D:4      | Found a shadowy altar of Dithmenos.
  6407 | D:4      | Slain by Duvessa
  6408 | D:4      | Reached XP level 6. HP: -5/27 MP: 13/13
  6699 | D:4      | HP: 1/27 [Duvessa (9)]
  6700 | D:4      | Mangled by Duvessa
  6701 | D:4      | Reached XP level 5. HP: -12/23 MP: 10/12
  6701 | D:4      | Quit the game

Illustrated notes

Levels and vault maps discovered:
D:1:      lemuel_arrival_cross, layout_loops_corners, serial_shops, shop
D:2:      layout_basic, minmay_quadrilaterals
D:3:      layout_rooms, gammafunk_ghost_nasty_kobolds, uniq_robin
D:4:      layout_gridville, kennysheep_mini_moat, serial_undead,
          serial_undead_a, serial_undead_b, serial_undead_d, serial_undead_e,
          serial_undead_c, serial_undead_d, minivault_19, minmay_ogre_servants,
          uniq_natasha, uniq_duvessa

Skill      XL: |  1  2  3  4  5  6 |
---------------+-------------------+-----
Conjurations   | 1 2 |  2.8
Air Magic      | 3 4 |  4.7
Fighting       | 1 2 |  2.5
Spellcasting   | 3 4 |  4.3
Dodging        | |  2.6
Stealth        | |  2.6

Action                   |  1- 3 |  4- 6 |  7- 9 || total
-------------------------+-------+-------+-------++-------
Melee: Unarmed           |     3 |     8 |       ||    11
       Bite              |       |     2 |       ||     2
 Cast: Shock             |   109 |   205 |    13 ||   327
  Use: Scroll            |       |     9 |     2 ||    11
       Potion            |       |     1 |       ||     1
Armor: Skin              |     1 |     4 |     1 ||     6
Dodge: Dodged            |    14 |    43 |     4 ||    61

Table legend: (Time is in decaauts)
 A = Elapsed time spent in this place.
 B = Non-inter-level travel time spent in this place.
 C = Inter-level travel time spent in this place.
 D = Time resting spent in this place.
 E = Time spent auto-exploring this place.
 F = Levels seen in this place.
 G = Mean time per level.
                   A        B        C        D        E       F      G
               +--------+--------+--------+--------+--------+-----+--------+
         Total |   6029 |   5734 |    295 |    274 |   4590 |   4 | 1507.2 |
       Dungeon |   6029 |   5734 |    295 |    274 |   4590 |   4 | 1507.2 |
               +--------+--------+--------+--------+--------+-----+--------+

Top non-repeatable levels by time:
     D:2: 2375 daAuts
     D:1: 1497 daAuts
     D:4: 1085 daAuts
     D:3: 1071 daAuts
